 Dungeon Crawl Stone Soup version 0.18.0-1-g0107ab7 (webtiles) character file.

49 Northaan the Chiller (level 3, 24/24 HPs)
             Began as a Merfolk Ice Elementalist on May 5, 2016.
             Quit the game on level 3 of the Dungeon.
             The game lasted 00:06:49 (2478 turns).

Northaan the Chiller (Merfolk Ice Elementalist)     Turns: 2478, Time: 00:06:49

Health: 24/24      AC:  4    Str:  8    XL:     3   Next: 77%
Magic:  7/7        EV: 13    Int: 15    God:
Gold:   31         SH:  0    Dex: 14    Spells: 3 memorised, 2 levels left

rFire  . . .     SeeInvis .     m - -3 dagger (curse)
rCold  . . .     Gourm    .     h - +2 robe {MR+}
rNeg   . . .     Faith    .     (no shield)
rPois  .         Spirit   .     (no helmet)
rElec  .         Dismiss  .     (no cloak)
rCorr  .         Reflect  .     (no gloves)
SustAt .         Harm     .     (no boots)
MR     +....                    (no amulet)
Stlth  ++........               (no ring)
                                (no ring)

@: somewhat resistant to hostile enchantments, unstealthy
A: change form in water, swift swim
a: no special abilities


You were on level 3 of the Dungeon.
You were not hungry.

You visited 1 branch of the dungeon, and saw 3 of its levels.

You collected 31 gold pieces.

Inventory:

Hand Weapons
 e - a +0 dagger
 f - a +0 club
 k - a +0 dagger
 m - a cursed -3 dagger (weapon)
 n - a +1 short sword of electrocution
Armour
 a - a +1 robe
 h - a +2 robe of magic resistance (worn)
Scrolls
 d - 2 scrolls of identify
 q - 3 scrolls of recharging {unknown}
Potions
 i - a potion of haste
 j - a potion of resistance {unknown}
 l - a potion of cure mutation
 o - a potion of curing {unknown}
Books
 b - a book of Frost

   Spells                             Type                      Level
   a - Freeze                         Ice                          1
   b - Throw Frost                    Conjuration/Ice              2
   c - Ozocubu's Armour               Charms/Ice                   3
   d - Throw Icicle                   Conjuration/Ice              4
   e - Summon Ice Beast               Ice/Summoning                4
Comestibles
 c - a bread ration
 g - a meat ration


   Skills:
 - Level 2.6 Dodging
 - Level 2.1 Stealth
 * Level 3.3 Spellcasting
 - Level 0.7 Conjurations
 + Level 3.8 Ice Magic


You had 2 spell levels left.
You knew the following spells:

 Your Spells              Type           Power        Failure   Level  Hunger
a - Freeze                Ice            ##..         4%          1    #......
b - Throw Frost           Conj/Ice       #.....       12%         2    ##.....
c - Ozocubu's Armour      Chrm/Ice       #.......     30%         3    ###....


Dungeon Overview and Level Annotations

Branches:
Dungeon (3/15)

Altars:


Message History

Press: ? - help, Shift-Dir - straight line, f - orc
Aim: an orc, wielding a falchion You freeze the orc.
The orc is almost dead.
The orc hits you with a falchion.
Casting: Freeze
Confirm with . or Enter, or press ? or * to list all spells.
Aiming: Freeze
Press: ? - help, Shift-Dir - straight line, f/p - orc
Aim: an orc, wielding a falchion (almost dead)
You freeze the orc.
You kill the orc!
You see here a falchion.
There isn't anything to butcher here.
You start resting.
Magic restored.
You start resting.
All of the chunks of flesh in your inventory have rotted away.
HP restored.
Are you sure you want to abandon this character and quit the game? (Confirm with "yes".)

##### #.).#
######.#.#
#......#.#######
#.######....<..#
#
#.)...##########
##.###.....#
#...@......#
#..........#
#..........#
##...##....#
######....#
######


There were no monsters in sight!

Vanquished Creatures
  An adder (D:2)
  A worm (D:2)
  2 giant geckos
  An orc (D:3)
  3 hobgoblins (D:1)
  4 jackals (D:1)
  A ball python (D:2)
  3 bats
  3 giant newts
  4 goblins
  5 kobolds
  7 rats
35 creatures vanquished.

Notes
Turn   | Place    | Note
--------------------------------------------------------------
     0 | D:1      | Northaan the Merfolk Ice Elementalist began the quest for the Orb.
     0 | D:1      | Reached XP level 1. HP: 13/13 MP: 3/3
   397 | D:1      | Reached XP level 2. HP: 18/19 MP: 0/5
   497 | D:1      | Learned a level 2 spell: Throw Frost
  1316 | D:2      | Reached XP level 3. HP: 23/24 MP: 7/7
  1522 | D:2      | Learned a level 3 spell: Ozocubu's Armour
  2478 | D:3      | Quit the game

Skill      XL: |  1  2  3 |
---------------+----------+-----
Spellcasting   | 3 |  3.3
Dodging        | |  2.6
Stealth        | |  2.1
Conjurations   | |  0.7
Ice Magic      | |  3.8

Action                   || total
-------------------------++-------
Melee: Club              ||    24
       Unarmed           ||     1
       Dagger            ||   139
 Cast: Freeze            ||    38
       Throw Frost       ||     7
       Ozocubu's Armour  ||     2
  Use: Scroll            ||     2
       Potion            ||     2
 Stab: Sleeping          ||     7
  Eat: Chunk             ||     6
Armor: Robe              ||    61
Dodge: Dodged            ||   148
